 Dungeon Crawl Stone Soup version 0.25.1-2-g60ff931df9 (webtiles) character file.

Game seed: 11413353655223444848

12001 Delamore the Basher (level 11, -1/69 HPs)
             Began as a Gargoyle Fighter on Aug 12, 2020.
             Was an Initiate of Okawaru.
             Killed by divine providence
             ... invoked by an orc priest
              (13 damage)
             ... on level 11 of the Dungeon.
             The game lasted 00:14:24 (12017 turns).

Delamore the Basher (Gargoyle Fighter)             Turns: 12017, Time: 00:14:25

Health: -1/69      AC: 20    Str: 23    XL:     11   Next: 86%
Magic:  11/11      EV:  5    Int:  9    God:    Okawaru [......]
Gold:   231        SH: 12    Dex:  9    Spells: 7/10 levels left

rFire    + . .     SeeInvis .   M - +1 whip (flame)
rCold    + . .     Gourm    .   c - +0 kite shield
rNeg     + + .     Faith    .   x - +0 plate armour
rPois    ∞         Spirit   .   (no helmet)
rElec    +         Reflect  .   A - scarf {rC+ rF+}
rCorr    +         Harm     .   w - +0 pair of gloves
MR       .....                  (no boots)
Stlth    ..........             (no amulet)
HPRegen  0.21/turn              s - ring of resist corrosion
MPRegen  0.12/turn              E - ring of positive energy

@: very slow
A: negative energy resistance 1, electricity resistance, unbreathing,
petrification resistance, rot immunity, AC +8
a: Renounce Religion


You were on level 11 of the Dungeon.
You worshipped Okawaru.
Okawaru was noncommittal.
You were not hungry.

You visited 2 branches of the dungeon, and saw 12 of its levels.

You collected 575 gold pieces.
You spent 344 gold pieces at shops.

Inventory:

Hand Weapons
 L - a +0 flail of protection
 M - a +1 whip of flaming (weapon)
Missiles
 m - 7 silver javelins (quivered)
 v - 2 javelins
 N - a throwing net
Armour
 c - a +0 kite shield (worn)
 w - a +0 pair of gloves (worn)
 x - a +0 plate armour (worn)
 A - a scarf of resistance (worn)
 D - the -1 cloak of Gaobbeux {*Slow rF+ Regen+ Slay+5}
   (You found it on level 5 of the Dungeon)

   It affects your accuracy and damage with ranged weapons and melee attacks
   (+5).
   It protects you from fire.
   It increases your rate of regeneration.
   It may slow you when you take damage.
Jewellery
 a - an uncursed ring of fire
 s - a ring of resist corrosion (left hand)
 E - a ring of positive energy (right hand)
Wands
 g - a wand of random effects (8)
 K - a wand of enslavement (5)
 P - a wand of iceblast (10)
Scrolls
 b - a scroll of silence {unknown}
 e - 2 scrolls of amnesia
 i - 8 scrolls of teleportation
 n - 4 scrolls of immolation
 p - 2 scrolls of magic mapping
 r - 3 scrolls of fear
 y - 2 scrolls of remove curse
 z - 4 scrolls of blinking
 F - a scroll of fog
 H - a scroll of enchant armour
 I - 4 scrolls of identify
 J - 2 scrolls of random uselessness
Potions
 d - 3 potions of might
 h - 4 potions of mutation
 j - a potion of resistance {unknown}
 k - 2 potions of lignification
 l - 2 potions of brilliance {unknown}
 o - a potion of haste
 q - 3 potions of stabbing {unknown}
 t - a potion of flight {unknown}
 u - 2 potions of cancellation {unknown}
 B - 5 potions of curing {unknown}
 C - 2 potions of heal wounds
 G - 2 potions of magic {unknown}
Comestibles
 f - 25 rations
 O - 2 chunks of flesh


   Skills:
 + Level 8.5 Fighting
 - Level 14.0 Maces & Flails
 - Level 3.2 Armour
 + Level 10.7 Shields


You had 7 spell levels left.
You knew the following spells:

 Your Spells              Type           Power        Failure   Level  Hunger
a - Lesser Beckoning      Tloc           #.........   100%        3    ####...

Your spell library contained the following spells:

 Spells                   Type           Power        Failure   Level  Hunger
 Animate Skeleton         Necr           N/A          100%        1    ##.....
 Apportation              Tloc           #.....       100%        1    ##.....
 Corona                   Hex            #......      100%        1    ##.....
 Pain                     Necr           #...         100%        1    ##.....
 Summon Butterflies       Summ           #.......     100%        1    ##.....
 Ensorcelled Hibernation  Hex/Ice        #.....       100%        2    ###....
 Confusing Touch          Hex            #.......     100%        3    ####...
 Dazzling Flash           Conj/Hex       #.....       100%        3    ####...
 Tukima's Dance           Hex            #.......     100%        3    ####...
 Vampiric Draining        Necr           #.........   100%        3    ####...
 Animate Dead             Necr           N/A          100%        4    #####..
 Agony                    Necr           #.......     100%        5    ######.
 Alistair's Intoxication  Tmut/Pois      #.......     100%        5    ######.
 Invisibility             Hex            #.......     100%        6    #######


Dungeon Overview and Level Annotations

Branches:
Dungeon (11/15)            Temple (1/1) D:6            Lair (0/6) D:11
    Orc: D:9-12

Altars:
Ashenzari
Cheibriados
Dithmenos
Elyvilon
Fedhas
Gozag
Hepliaklqana
Kikubaaqudgha
Makhleb
Nemelex Xobeh
Okawaru
Qazlal
Ru
Sif Muna
Trog
Uskayaw
Vehumet
Wu Jian
Xom
Yredelemnul
Zin
The Shining One

Shops:
D:7 *   D:8 !

Annotations:
D:6 exclusion: statue


Innate Abilities, Weirdness & Mutations

You are resistant to torment.
Your stone body is resilient. (AC +8)
You are immune to poison.
You resist negative energy. (rN+)
You are resistant to electric shocks. (rElec)
You can survive without breathing.
You are immune to petrification.
You are immune to rotting.


Message History

The orc wizard hits you but does no damage.
You block the orc warrior's attack.
Your unstable footing causes you to fumble your attack.
The orc priest calls down the wrath of Beogh upon you.
Beogh smites you!
* * * LOW HITPOINT WARNING * * *
You hear a shout!
The orc wizard gestures at you while chanting.
The puff of flame hits you but does no damage.
You block the orc warrior's attack. The orc warrior barely misses you.
The orc priest hits you but does no damage.
An orc comes into view. It is wielding a +0 morningstar.
The orc wizard splashes around in the water.
You block the orc warrior's attack.
Your unstable footing causes you to fumble your attack.
The orc wizard hits you but does no damage.
The orc priest calls down the wrath of Beogh upon you.
Beogh smites you!
You die...

###### ..≈≈##
####.##≈≈≈≈## ##
.....#≈@≈≈≈≈####≈≈#
#o≈oo≈≈≈≈≈).≈≈≈≈
#.#≈≈o≈≈≈≈≈≈.≈≈≈≈≈≈#.
....≈≈≈≈≈≈≈≈≈.≈≈≈≈≈≈≈.
##..#............≈≈≈.
....#.≈≈≈≈≈.≈≈≈≈.≈≈#
......≈≈≈≈)%)≈≈≈.≈.. .'
..>...≈≈≈≈†.≈≈≈≈.# #.#
..##.≈≈≈≈†.≈≈≈≈.#####.#


You could see an orc warrior, an orc priest, an orc wizard (fast) and an orc.

Vanquished Creatures
  3 two-headed ogres
  Pikel (D:9)
  A manticore (D:11)
  A kobold demonologist (D:11)
  A hippogriff (D:8)
  A water elemental (D:11)
  4 hogs (D:8)
  A wraith (D:9)
  5 yaks
  A wyvern (D:8)
  2 hungry ghosts
  A basilisk (D:8)
  A human (D:8)
  Duvessa (D:6)
  3 porcupines (D:11)
  An orc warrior (D:7)
  3 slaves (D:9)
  A black bear (D:10)
  A sky beast (D:9)
  4 ice beasts
  A necrophage (D:7)
  5 ogres
  4 phantoms
  6 centaurs
  2 crocodiles (D:11)
  3 big kobolds
  14 bullfrogs
  Dowan (D:6)
  A water moccasin zombie (D:5)
  4 scorpions
  A wyvern skeleton (D:11)
  The ghost of Peloso the Shield-Bearer, a weakling MiFi (D:3)
  3 killer bees (D:9)
  4 wights (D:7)
  2 howler monkeys
  7 electric eels (D:11)
  2 centaur zombies
  2 bullfrog zombies
  4 crimson imps
  5 orc priests
  A bullfrog skeleton (D:9)
  8 hounds
  8 jellies
  2 centaur skeletons
  2 iguanas
  14 orc wizards
  7 worker ants
  2 killer bee zombies
  4 hound skeletons
  A worker ant zombie (D:6)
  4 gnolls (D:6)
  A howler monkey skeleton (D:9)
  13 adders
  5 shadow imps
  2 oozes
  An adder skeleton (D:8)
  An adder zombie (D:5)
  2 worms
  3 dart slugs
  7 leopard geckos
  28 orcs
  9 bats
  3 giant cockroaches
  5 hobgoblins
  4 jackals (D:1)
  7 quokkas
  2 ball pythons
  5 frilled lizards
  12 goblins
  22 kobolds
  A quokka skeleton (D:3)
  9 rats
304 creatures vanquished.

Vanquished Creatures (others)
  19 fungi (D:11)
  5 plants (D:11)
24 creatures vanquished.

Grand Total: 328 creatures vanquished

Notes
Turn   | Place    | Note
-------+----------+-------------------------------------------
     0 | D:1      | Delamore the Gargoyle Fighter began the quest for the Orb.
     0 | D:1      | Reached XP level 1. HP: 14/14 MP: 1/1
    67 | D:1      | Reached XP level 2. HP: 17/19 MP: 2/2
   112 | D:1      | Reached skill level 3 in Maces & Flails
   444 | D:1      | Reached XP level 3. HP: 19/23 MP: 3/3
  1078 | D:2      | Found a white marble altar of Elyvilon.
  1100 | D:2      | Reached skill level 4 in Maces & Flails
  1103 | D:2      | Reached XP level 4. HP: 15/28 MP: 4/4
  1512 | D:2      | Reached XP level 5. HP: 27/32 MP: 5/5
  2057 | D:3      | Reached skill level 5 in Maces & Flails
  2309 | D:3      | Found a snail-covered altar of Cheibriados.
  2744 | D:3      | Reached XP level 6. HP: 31/37 MP: 6/6
  2853 | D:3      | Found a transporter.
  2853 | D:3      | Noticed Peloso's ghost (weakling MiFi)
  2883 | D:3      | Found a transporter.
  2901 | D:3      | HP: 1/37 [Peloso's ghost (10)]
  3307 | D:3      | Found a blossoming altar of Fedhas.
  3503 | D:3      | Killed Peloso's ghost
  3503 | D:3      | Reached skill level 5 in Shields
  3814 | D:4      | Noticed a phantom
  3832 | D:4      | Killed a phantom
  3832 | D:4      | Reached skill level 6 in Maces & Flails
  3832 | D:4      | Reached XP level 7. HP: 29/41 MP: 7/7
  3927 | D:4      | Found a shimmering blue altar of Sif Muna.
  4297 | D:5      | Entered Level 5 of the Dungeon
  4477 | D:5      | Got a glimmering cloak
  4488 | D:5      | Identified the cursed -1 cloak of Gaobbeux {*Slow rF+
                  | Regen+ Slay+5} (You found it on level 5 of the Dungeon)
  4756 | D:5      | Reached skill level 7 in Maces & Flails
  4866 | D:5      | Reached XP level 8. HP: 36/46 MP: 8/8
  4970 | D:5      | Found a sacrificial altar of Ru.
  5658 | D:6      | Reached skill level 8 in Maces & Flails
  5763 | D:6      | Found a radiant altar of Vehumet.
  5827 | D:6      | Found a shadowy altar of Dithmenos.
  6017 | D:6      | Noticed Duvessa
  6018 | D:6      | Noticed Dowan
  6040 | D:6      | Killed Duvessa
  6040 | D:6      | Reached skill level 9 in Maces & Flails
  6047 | D:6      | Killed Dowan
  6047 | D:6      | Reached XP level 9. HP: 51/51 MP: 9/9
  6060 | D:6      | Found a staircase to the Ecumenical Temple.
  6159 | D:6      | Found an ancient bone altar of Kikubaaqudgha.
  6160 | D:6      | Found a sparkling altar of Nemelex Xobeh.
  6181 | D:6      | Found a snail-covered altar of Cheibriados.
  6337 | D:7      | Learned a level 3 spell: Lesser Beckoning
  6363 | D:7      | Found Aggiwn Ponisch's Assorted Antiques.
  6380 | D:7      | Bought a scroll labeled BESTOA FAEJ for 25 gold pieces
  6380 | D:7      | Bought a scroll labeled KILICZ KUSTUB for 25 gold pieces
  6380 | D:7      | Bought a potion of heal wounds for 125 gold pieces
  6435 | D:7      | Reached skill level 10 in Maces & Flails
  6446 | D:7      | Found an opulent altar of Gozag.
  6730 | D:7      | Reached skill level 11 in Maces & Flails
  7075 | D:8      | Noticed a two-headed ogre
  7120 | D:8      | Noticed a two-headed ogre
  7164 | D:8      | Killed a two-headed ogre
  7164 | D:8      | Reached skill level 12 in Maces & Flails
  7164 | D:8      | Reached XP level 10. HP: 25/56 MP: 10/10
  7171 | D:8      | Killed a two-headed ogre
  7171 | D:8      | Reached skill level 13 in Maces & Flails
  7684 | D:8      | Found Jiaxedan's Distillery.
  7691 | D:8      | Bought a potion of heal wounds for 65 gold pieces
  7691 | D:8      | Bought a potion of mutation for 104 gold pieces
  7867 | D:8      | Reached skill level 14 in Maces & Flails
  8527 | D:9      | Reached XP level 11. HP: 62/62 MP: 11/11
  8553 | D:9      | Reached skill level 5 in Fighting
  8857 | D:9      | Found a bloodstained altar of Trog.
  9100 | D:9      | Noticed Pikel
  9145 | D:9      | Killed Pikel
  9438 | D:10     | Entered Level 10 of the Dungeon
  9759 | D:10     | Noticed a two-headed ogre
  9778 | D:10     | Killed a two-headed ogre
 10612 | D:11     | Reached skill level 10 in Shields
 10757 | D:11     | Noticed a sun demon
 11011 | D:11     | Found a staircase to the Lair.
 11330 | Temple   | Entered the Ecumenical Temple
 11336 | Temple   | Became a worshipper of Warmaster Okawaru
 11617 | D:11     | Noticed a manticore
 11637 | D:11     | Killed a manticore
 12017 | D:11     | Killed from afar by an orc priest

Illustrated notes

Levels and vault maps discovered:
D:1:      dpeg_arrival_windows_large_door, layout_basic
D:2:      layout_basic, elyvilon_altar_5, minmay_misc_feat_cross,
          minmay_misc_feat_roman, minmay_distorted
D:3:      layout_loops_ring, lemuel_round_altar, cheibriados_altar_1,
          gammafunk_ghost_arena
D:4:      layout_cave_pools, old_standard_altar, first_ration
D:5:      minmay_chambers_of_fours, layout_layer_cave, nicolae_ru_awakened_eye
D:6:      layout_basic, vehumet_statue, nicolae_dithmenos_the_darkroom,
          minitemple, temple_hall, basic_altar, uniq_duvessa
D:7:      layout_basic, kennysheep_little_box, serial_shops,
          nicolae_shop_overgrown_old_shop, grunt_ministairs_3
D:8:      layout_gridville, serial_shops, shop, grunt_livestock,
          minmay_chambers_of_fives
D:9:      layout_roguey, lemuel_doored_altar, uniq_pikel
D:10:     layout_irregular_city
D:11:     layout_basic, due_lair_maze_entry_diamond, minivault_14,
          kennysheep_just_a_vault
Temple:   minmay_freezing_vapour_temple

Skill      XL: |  1  2  3  4  5  6  7  8  9 10 11 |
---------------+----------------------------------+-----
Maces & Flails | 3 4 5 6 7 9 12 14 | 14.0
Shields        | 4 5 6 7 8 10 | 10.7
Fighting       | 4 8 |  8.5
Armour         | |  3.2

Action                   |  1- 3 |  4- 6 |  7- 9 | 10-12 || total
-------------------------+-------+-------+-------+-------++-------
Melee: Flail             |   125 |   277 |   306 |   360 ||  1068
       Whip              |       |       |    20 |   539 ||   559
Throw: Javelin           |       |     1 |    25 |       ||    26
  Use: Potion            |       |     1 |     3 |       ||     4
       Scroll            |       |       |    11 |     3 ||    14
  Eat: Chunk             |     1 |     7 |    13 |    12 ||    33
       Ration            |       |       |     3 |     1 ||     4
Armor: Scale mail        |    99 |   166 |     1 |       ||   266
       Plate armour      |       |       |   235 |   431 ||   666
Dodge: Dodged            |    52 |   106 |    69 |   123 ||   350
Block: Kite shield       |   100 |   172 |   194 |   392 ||   858
